 Dungeon Crawl Stone Soup version 0.31-a0-981-geadf994542 (webtiles) character file.

Game seed: 11346183218368074382

801 kae the Changeling (level 7, -3/56 HPs)
             Began as a Black Draconian Shapeshifter on Oct 31, 2023.
             Slain by a yak (8 damage)
             ... on level 4 of the Dungeon.
             The game lasted 00:03:20 (4234 turns).

kae the Changeling (Black Draconian Shapeshifter)   Turns: 4234, Time: 00:03:20

Health: -3/56      AC:  7    Str: 17    XL:     7   Next: 59%
Magic:  7/7        EV: 12    Int: 10    God:
Gold:   248        SH:  0    Dex: 12    Spells: 6/6 levels left

rFire   . .          .
                       - Unarmed
rCold   . . .        (shield currently unavailable)
rNeg    . . .        (body armour unavailable)
rPois   .            (helmet restricted)
rElec   +            e - +0 cloak
rCorr   .            (no gloves)
SInv    .            (no boots)
Will    .....        (no amulet)
Stlth   +            (no ring)
HPRegen 0.29/turn    (no ring)
MPRegen 0.10/turn

%: no passive effects
@: flux-form, glowing
A: glow, contaminating, reduced hp, breathe lightning, AC +6, unfitting armour,
electricity resistance, cold-blooded
a: Breathe Lightning, Begin Untransformation


You were on level 4 of the Dungeon.
You were something dangerously unstable.
You visited 1 branch of the dungeon, and saw 5 of its levels.

You collected 248 gold pieces.


Innate Abilities, Weirdness & Mutations

You are something dangerously unstable.
You glow with magical radiation, making you easy to see and hit.
Foes you strike become dangerously contaminated with magical radiation.
Your maximum health is decreased, since you lack skill for your form.
You are incapable of wielding weapons or throwing items.
You can breathe wild blasts of lightning.
Your glossy black scales are hard. (AC +6)
You cannot fit into any form of body armour.
You are resistant to electric shocks. (rElec)
You are cold-blooded and may be slowed by cold attacks.


   Skills:
 + Level 4.6 Fighting
 - Level 1.7 Dodging
 + Level 5.1 Unarmed Combat
 * Level 6.3 Shapeshifting


You had 6 spell levels left.
You didn't know any spells.
Your spell library contained the following spells:

 Spells                   Type           Power      Damage    Failure   Level
 Iskenderun's Battlesphe  Conj           0%         2d6       100%        5
 Bombard                  Conj/Erth      0%         9d1       100%        6
 Spellforged Servitor     Conj/Summ      0%         N/A       100%        7

Inventory:

Missiles
 d - 31 stones
Armour
 e - a +0 cloak (worn)
   (You found it on level 1 of the Dungeon)
Magical Staves
 f - a staff of fire {!a}
   (You found it on level 3 of the Dungeon)
Talismans
 b - a beast talisman
 c - a flux talisman (active)
Wands
 g - a wand of flame (25)
   (You found it on level 2 of the Dungeon)
Scrolls
 i - 2 scrolls of teleportation {@r4}
 k - a scroll of identify {@r1}
 l - a scroll of poison {!r}
 n - a scroll of noise {!r}
Potions
 a - a potion of lignification {!q}
 j - a potion of enlightenment
 m - a potion of brilliance

Dungeon Overview and Level Annotations

Branches:
Dungeon (5/15) Zot: 25799
 Temple: D:4-7

Altars:

Annotations:
D:5 Prince Ribbit

#
#######..............#...#..
#
##..##.################...##.
# #....#.........# #.....#.
#####.)..'.........# #.....#.
........#######...##
#########'#. .####...#
#...####...#......# ## ##..#
#..........#......' ####
#..........'......#
#.p######..#......#
#Y.##.######....<## #......#
#.....# #...[..# #.....#
######## #.....# #######


You could see a yak (heavy contam).


Message History

Unknown command.
You hit the ogre.
The ogre shudders as magic cascades through it!
You kill the ogre!
Your Unarmed Combat skill increases to level 5! 😨 HP[+1]
You now have 55 max hp (+1).
You start resting.
An orc is nearby! 😕 HP[+17]
You regained 17 hp, and now have 42/55 hp.
An orc is nearby!
Found a stone staircase leading up.
The orc shouts! 😕 HP[+1]
You hit the orc.
The orc begins to glow.
The orc hits you with a +0 whip. 😮 HP[-3]
You take 3 damage, and now have 40/55 hp.
You hit the orc.
You kill the orc!
No target in view!
No target in view!
No target in view!
You now have 248 gold pieces (gained 15).
You see here a +0 whip. 😮 HP[+1]
An orc priest is nearby!
Unknown command. 😕 HP[+5]
You regained 5 hp, and now have 46/55 hp.
An orc priest is nearby!
Unknown command.
An orc priest is nearby!
An orc priest is nearby!
An orc priest is nearby!
The orc priest shouts! 😕 HP[+1]
You hit the orc priest.
The orc priest begins to glow.
The orc priest hits you but does no damage. 😕 HP[+1]
You hit the orc priest.
The orc priest glows dangerously bright.
Your tail-slap misses the orc priest.
The orc priest misses you.
You hit the orc priest.
The orc priest shudders as magic cascades through it!
You kill the orc priest! 😕 HP[+1]
You now have 56 max hp (+1).
You see here a +0 short sword. 2 yaks come into view.
The yak bellows! 😎 HP[+7]
Your hp is fully restored (56).
A yak comes into view.
A yak comes into view.
The yak bellows! x3; You hear a bellow!
A yak comes into view.
There are monsters nearby!
There are monsters nearby!
There are monsters nearby!
There are monsters nearby!
The yak gores you but does no damage. The yak gores you!
You hit the yak but do no damage.
The yak begins to glow.
The yak gores you but does no damage. The yak gores you! 😮 HP[-27]
You take 27 damage, and now have 29/56 hp.
MASSIVE DAMAGE!! (PAUSE)
The yak attacks as it pursues you! The yak completely misses you. 😮 HP[+1]
The yak attacks as it pursues you! The yak misses you. 😮 HP[+1]
Found a stone staircase leading down.
The yak gores you!
* * * LOW HITPOINT WARNING * * *
😨 HP[-10]
You take 10 damage, and now have 21/56 hp.
The yak stops glowing. 😨 HP[+1]
The yak attacks as it pursues you! The yak gores you!
* * * LOW HITPOINT WARNING * * *
There is a stone staircase leading up here. 😱 HP[-8]
You take 8 damage, and now have 14/56 hp.
The yak gores you.
* * * LOW HITPOINT WARNING * * *
You climb upwards.
There is a stone staircase leading down here. 😱 HP[-5]
You take 5 damage, and now have 9/56 hp.
Unknown command.
You barely miss the yak.
You tail-slap the yak, but do no damage.
The yak barely misses you.
You hit the yak.
The yak begins to glow.
You tail-slap the yak, but do no damage.
The yak gores you.
* * * LOW HITPOINT WARNING * * *
😱 HP[-4]
You take 4 damage, and now have 5/56 hp.
You hit the yak.
The yak glows dangerously bright.
The yak gores you!
You die...

Skill      XL: |  1  2  3  4  5  6  7 |
---------------+----------------------+-----
Fighting       | 2 3 4 |  4.6
Shapeshifting  | 4 5 6 |  6.3
Unarmed Combat | 4 5 |  5.1
Dodging        | |  1.7

Action                     |  1- 3 |  4- 6 |  7- 9 || total
---------------------------+-------+-------+-------++-------
  Melee: Unarmed           |    98 |   154 |    62 ||   314
         Tailslap          |     4 |    21 |    18 ||    43
         Punch             |     1 |       |       ||     1
Ability: Breathe Lightning |       |       |     1 ||     1
  Evoke: Wand              |       |       |     3 ||     3
    Use: Scroll            |     1 |     4 |     2 ||     7
         Potion            |       |     2 |     2 ||     4
   Stab: Sleeping          |     2 |       |       ||     2
 Armour: Skin              |    34 |    89 |    44 ||   167
  Dodge: Dodged            |    53 |    90 |    31 ||   174
   Form: Flux              |       |     1 |       ||     1

Levels and vault maps discovered:
D:1:      nagdon_arrival_double_spiral, layout_basic,
          amcnicky_mini_corridor_feature, grunt_decor_cap
D:2:      layout_basic, hellmonk_ecumenical_altar_arch_garden,
          serial_park_tiny_pond, minmay_quantized, uniq_sigmund
D:3:      layout_basic, kennysheep_generic_room_15
D:4:      layout_gridville, roderic_lattice_a, minmay_misc_feat_diagonals
D:5:      layout_rooms, amethyst_killhole, uniq_prince_ribbit1

Notes
Turn   | Place    | Note
-------+----------+-------------------------------------------
     0 | D:1      | kae the Draconian Shapeshifter began the quest for the Orb.
     0 | D:1      | Reached XP level 1. HP: 16/16 MP: 1/1
     0 | D:1      | magus.rc [v1.11.3]
   216 | D:1      | Reached XP level 2. HP: 23/23 MP: 2/2
   529 | D:1      | Reached XP level 3. HP: 28/29 MP: 3/3
   885 | D:2      | Reached skill level 2 in Fighting
  1047 | D:2      | Reached XP level 4. HP: 32/36 MP: 4/4
  1090 | D:2      | Reached skill level 4 in Shapeshifting
  1101 | D:2      | Noticed Sigmund
  1132 | D:2      | HP: 5/25 [something (6)]
  1338 | D:2      | Killed Sigmund
  1339 | D:2      | Reached skill level 3 in Fighting
  1339 | D:2      | Reached skill level 4 in Unarmed Combat
  1339 | D:2      | Reached XP level 5. HP: 26/45 MP: 5/5
  1408 | D:2      | Found a faded altar of an unknown god.
  2331 | D:3      | Reached XP level 6. HP: 31/51 MP: 6/6
  2812 | D:4      | Reached skill level 5 in Shapeshifting
  3304 | D:4      | Reached skill level 4 in Fighting
  3318 | D:4      | Your scales start taking on a glossy black colour.
  3318 | D:4      | Reached XP level 7. HP: 43/59 MP: 7/7
  3318 | D:4      | Gained mutation: You are resistant to electric shocks.
                  | (rElec) [Black Draconian growth]
  3788 | D:5      | Entered Level 5 of the Dungeon
  3839 | D:5      | You pick up a book of Power and begin reading...
  3839 | D:5      | You add the spells Iskenderun's Battlesphere, Bombard and
                  | Spellforged Servitor to your library.
  3878 | D:5      | Noticed Prince Ribbit
  3902 | D:5      | HP: 10/52 [Prince Ribbit (4)]
  3907 | D:5      | HP: 1/53 [Prince Ribbit (10)]
  3907 | D:5      | Noticed a yak
  4061 | D:5      | Reached skill level 6 in Shapeshifting
  4096 | D:5      | Reached skill level 5 in Unarmed Combat
  4213 | D:5      | Noticed a yak
  4213 | D:5      | Noticed a yak
  4214 | D:5      | Noticed a yak
  4215 | D:5      | Noticed a yak
  4215 | D:5      | Noticed a yak
  4229 | D:5      | HP: 14/56 [yak (8)]
  4233 | D:4      | HP: 5/56 [yak (5)]
  4234 | D:4      | Slain by a yak

Vanquished Creatures
  Sigmund (D:2)
  2 ogres
  A bullfrog (D:5)
  2 scorpions (D:4)
  A hound (D:5)
  2 orc priests (D:5)
  An iguana (D:4)
  A sleepcap (D:5)
  6 adders
  A worm (D:3)
  2 dart slugs (D:2)
  7 orcs
  9 ball pythons
  9 bats
  8 endoplasms
  6 giant cockroaches
  10 goblins
  10 hobgoblins
  3 jackals (D:3)
  4 kobolds
  3 quokkas
  5 frilled lizards
  4 rats
98 creatures vanquished.

Table legend:
 A = Non-vault XP
 B = Vault XP
 C = Vault XP percentage of total XP
 D = Non-vault monster count
 E = Vault monster count
 F = Vault count percentage of total count
                 A         B        C        D         E       F
            +---------+---------+-------+---------+---------+-------
      Total |     918 |     227 |  19.8 |      90 |       8 |   8.2
            +---------+---------+-------+---------+---------+-------
        D:1 |      53 |       0 |   0.0 |      32 |       0 |   0.0
        D:2 |      71 |     224 |  75.9 |      14 |       6 |  30.0
        D:3 |      30 |       3 |   9.1 |      15 |       2 |  11.8
        D:4 |     356 |       0 |   0.0 |      17 |       0 |   0.0
        D:5 |     408 |       0 |   0.0 |      12 |       0 |   0.0
            +---------+---------+-------+---------+---------+-------

Skill      XL: |  1  2  3  4  5  6  7 |
---------------+----------------------+-----
Fighting       | 2 3 4 |  4.6
Shapeshifting  | 4 5 6 |  6.3
Unarmed Combat | 4 5 |  5.1
Dodging        | |  1.7

Action                     |  1- 3 |  4- 6 |  7- 9 || total
---------------------------+-------+-------+-------++-------
  Melee: Unarmed           |    98 |   154 |    62 ||   314
         Tailslap          |     4 |    21 |    18 ||    43
         Punch             |     1 |       |       ||     1
Ability: Breathe Lightning |       |       |     1 ||     1
  Evoke: Wand              |       |       |     3 ||     3
    Use: Scroll            |     1 |     4 |     2 ||     7
         Potion            |       |     2 |     2 ||     4
   Stab: Sleeping          |     2 |       |       ||     2
 Armour: Skin              |    34 |    89 |    44 ||   167
  Dodge: Dodged            |    53 |    90 |    31 ||   174
   Form: Flux              |       |     1 |       ||     1

Illustrated notes

Table legend:
 A = Kills in this place as a percentage of kills in the entire game.
 B = Kills by you in this place as a percentage of kills by you in the entire game.
 C = Kills by friends in this place as a percentage of kills by friends in the entire game.
 D = Other kills in this place as a percentage of other kills in the entire game.
 E = Experience gained in this place as a percentage of experience gained in the entire game.
 F = Experience gained in this place divided by the number of levels of this place that you have seen.
                   A       B       C       D       E      F
               +-------+-------+-------+-------+-------+----------------------
         Total | 100.0 | 100.0 |   N/A |   N/A | 100.0 | 229.0
       Dungeon | 100.0 | 100.0 |   N/A |   N/A | 100.0 | 229.0
               +-------+-------+-------+-------+-------+----------------------

Table legend: (Time is in decaauts)
 A = Elapsed time spent in this place.
 B = Non-inter-level travel time spent in this place.
 C = Inter-level travel time spent in this place.
 D = Time resting spent in this place.
 E = Time spent auto-exploring this place.
 F = Levels seen in this place.
 G = Mean time per level.
                   A        B        C        D        E       F      G
               +--------+--------+--------+--------+--------+-----+--------+
         Total |   4199 |   4085 |    114 |    447 |   2939 |   5 |  839.8 |
       Dungeon |   4199 |   4085 |    114 |    447 |   2939 |   5 |  839.8 |
               +--------+--------+--------+--------+--------+-----+--------+

Top non-repeatable levels by time:
     D:4: 1098 daAuts
     D:1: 1012 daAuts
     D:2: 897 daAuts
     D:3: 753 daAuts
     D:5: 437 daAuts
